 Dungeon Crawl Stone Soup version 0.27-a0-1312-g5cdb2b3542 (webtiles) character file.

Game seed: 16367899180528734777

126 Zonian the Conjurer (level 5, 0/28 HPs)
             Began as a Tengu Conjurer on June 20, 2021.
             Slain by an adder (1 damage)
             ... in a sewer.
             The game lasted 00:06:48 (3779 turns).

Zonian the Conjurer (Tengu Conjurer)                Turns: 3779, Time: 00:06:49

Health: 0/28       AC:  2    Str:  7    XL:     5   Next: 9%
Magic:  0/9        EV: 12    Int: 19    God:
Gold:   119        SH:  0    Dex: 13    Spells: 1/9 levels left

rFire    . . .     SeeInvis .   f - +2 dagger (drain)
rCold    . . .     Faith    .   (no shield)
rNeg     . . .     Spirit   .   a - +0 robe
rPois    .         Reflect  .   (helmet restricted)
rElec    .         Harm     .   (no cloak)
rCorr    .         Rampage  .   (no gloves)
Will     .....                  (boots unavailable)
Stlth    ++........             (no amulet)
HPRegen  0.09/turn              (no ring)
MPRegen  0.11/turn              (no ring)

@: brilliant, flying quickly and evasively, slowed, constricted, very slow
A: beak, talons 3, nimble flight
a: no special abilities


You were in a sewer.
You visited 1 branch of the dungeon, and saw 4 of its levels.
You also visited: Sewer.

You collected 119 gold pieces.

Inventory:

Hand Weapons
 b - a +0 dagger
 f - a +2 dagger of draining (weapon)
 i - a +0 fustibalus
Missiles
 r - 12 poisoned darts
Armour
 a - a +0 robe (worn)
Jewellery
 l - a +4 ring of protection
 q - a ring of fire
Scrolls
 d - 2 scrolls of teleportation {unknown}
 g - a scroll of fear {unknown}
 j - a scroll of summoning {unknown}
 k - 2 scrolls of enchant armour {unknown}
 n - 2 scrolls of enchant weapon {unknown}
 p - a scroll of vulnerability {unknown}
 s - a scroll of acquirement {unknown}
Potions
 c - a potion of mutation
 e - 2 potions of degeneration
 h - a potion of attraction
 m - a potion of might
 t - a potion of brilliance


   Skills:
 + Level 2.7 Dodging
 + Level 2.5 Stealth
 + Level 2.6 Spellcasting
 + Level 6.9 Conjurations
 * Level 0.1 Translocations
 * Level 1.2 Air Magic
 * Level 0.3 Poison Magic


You had one spell level left.
You knew the following spells:

 Your Spells              Type           Power      Damage    Failure   Level
a - Magic Dart            Conj           100%       1d8       1%          1
b - Searing Ray           Conj           86%        3d6       1%          2
c - Blink                 Tloc           N/A        N/A       22%         2
d - Mephitic Cloud        Conj/Pois/Air  19%        N/A       14%         3

Your spell library contained the following spells:

 Spells                   Type           Power      Damage    Failure   Level
 Corona                   Hex            3%         N/A       16%         1
 Conjure Flame            Conj/Fire      23%        6-21      12%         3
 Dazzling Flash           Conj/Hex       46%        N/A       12%         3
 Call Imp                 Summ           3%         N/A       24%         2
 Ensorcelled Hibernation  Hex/Ice        6%         N/A       24%         2
 Slow                     Hex            3%         N/A       24%         2
 Fulminant Prism          Conj/Hex       11%        3d9       36%         4
 Iskenderun's Mystic Bla  Conj/Tloc      23%        2d6       36%         4
 Gell's Gravitas          Tloc           2%         N/A       41%         3
 Confusing Touch          Hex            3%         N/A       43%         3
 Tukima's Dance           Hex            3%         N/A       43%         3
 Petrify                  Tmut/Erth      3%         N/A       85%         4
 Metabolic Englaciation   Hex/Ice        1%         N/A       99%         5
 Yara's Violent Unravell  Hex/Tmut       1%         3d3       99%         5


Dungeon Overview and Level Annotations

Branches:
Dungeon (4/15)              Sewer (1/1)
 Temple: D:4-7

Altars:
Cheibriados
Xom


Innate Abilities, Weirdness & Mutations

You have a beak for a mouth.
You have claws for feet.
Your magical nature lets you fly swiftly and evasively.


Message History

You don't have enough magic to cast this spell.
Unknown command.
It was a potion of brilliance.
You feel clever all of a sudden.
The ball python bites you but does no damage.
The ball python closely misses you. The adder bites you.
The ball python bites you. The ball python misses you.
Casting: Searing Ray (safe; 1% risk of failure)
Confirm with . or Enter, or press ? or * to list all spells.
Aiming: Searing Ray (safe; 1% risk of failure)
Press: ? - help, Shift-Dir - straight line, f - adder, p - kobold brigand
Aim: an adder (water, 70% to hit)
You feel a surge of power!
The searing ray misses the adder. (Press . to maintain the ray.)
The adder closely misses you. The ball python closely misses you.
The ball python barely misses you. The adder barely misses you.
The ball python barely misses you. The ball python closely misses you.
The searing ray hits the adder.
The adder is heavily wounded.
The searing ray misses the adder.
The adder bites you. The ball python bites you.
* * * LOW HITPOINT WARNING * * *
The ball python closely misses you. The adder closely misses you.
The adder bites you.
* * * LOW HITPOINT WARNING * * *
The ball python misses you. The ball python barely misses you.
Okay, then.
Okay, then.
A ball python comes into view.
The kobold brigand throws a curare-tipped dart.
The curare-tipped dart barely misses you.
The ball python barely misses you. The ball python grabs you.
The ball python constricts you. The adder closely misses you.
The adder bites you.
* * * LOW HITPOINT WARNING * * *
The ball python's grasp on you weakens, but your attempt to escape fails.
The adder bites you but does no damage. The ball python closely misses you.
The ball python constricts you. The adder bites you but does no damage.
The adder bites you.
You die...

.≈≈≈.....###.#
S...≈≈≈.....###∩#
...≈≈.......####
#.≈≈≈≈≈.....##
..##.≈≈≈≈.......#
..#.≈≈≈≈≈.≈.....##
.....≈≈≈≈≈≈.....÷#
....≈r≈≈≈≈≈......#
....≈≈≈@≈≈≈......#
...≈≈≈SSS≈≈≈....##
....≈≈≈≈≈≈≈....##
...#≈≈≈≈≈≈K≈...#
..##≈≈≈≈≈≈≈....##
. #≈≈≈≈≈≈≈≈.....#
..≈≈≈≈≈≈≈≈≈≈....#
...≈≈≈≈≈≈≈≈≈...##
.≈≈≈≈≈≈≈≈≈≈....#


You could see a kobold brigand, 2 adders, 2 ball pythons and a rat.

Vanquished Creatures
  A gnoll (D:1)
  A river rat (Sewer)
  3 adders (D:2)
  3 worms (D:2)
  4 orcs (D:3)
  4 ball pythons
  4 endoplasms
  6 giant cockroaches
  6 goblins
  3 hobgoblins
  6 kobolds
  5 quokkas
  4 bats
  4 frilled lizards
  11 rats
65 creatures vanquished.

Vanquished Creatures (others)
  2 plants (D:3)
2 creatures vanquished.

Grand Total: 67 creatures vanquished

Notes
Turn   | Place    | Note
-------+----------+-------------------------------------------
     0 | D:1      | Zonian the Tengu Conjurer began the quest for the Orb.
     0 | D:1      | Reached XP level 1. HP: 10/10 MP: 4/4
   153 | D:1      | Reached XP level 2. HP: 15/15 MP: 4/6
   283 | D:1      | Reached skill level 6 in Conjurations
   454 | D:1      | Reached XP level 3. HP: 19/19 MP: 4/7
   598 | D:1      | Learned a level 2 spell: Searing Ray
  1273 | D:2      | Reached XP level 4. HP: 21/24 MP: 0/8
  2638 | D:3      | Found a shimmering altar of Xom.
  2922 | D:3      | Found a snail-covered altar of Cheibriados.
  2981 | D:3      | Learned a level 2 spell: Blink
  2985 | D:3      | Learned a level 3 spell: Mephitic Cloud
  3096 | D:4      | Found a glowing drain.
  3118 | Sewer    | Entered a sewer
  3599 | Sewer    | Reached skill level 1 in Air Magic
  3599 | Sewer    | Gained mutation: Your magical nature lets you fly swiftly
                  | and evasively. [Tengu growth]
  3599 | Sewer    | Reached XP level 5. HP: 28/28 MP: 4/9
  3757 | Sewer    | Noticed a kobold brigand
  3778 | Sewer    | HP: 1/28 [adder (3)]
  3779 | Sewer    | Slain by an adder

Illustrated notes

Levels and vault maps discovered:
D:1:      scummos_arrival_checkerplants, layout_loops_cross
D:2:      layout_basic, kennysheep_generic_room_6
D:3:      cheibrodos_old_hovel, layout_basic, overflow_temple_1_default,
          lemuel_coloured_pillars_altar
D:4:      layout_loops_cross, gup_sewer_entry_pipe, uniq_eustachio,
          uniq_crazy_yiuf_cottage, uniq_edmund
Sewer:    sewer_minmay_treatment

Skill      XL: |  1  2  3  4 |
---------------+-------------+-----
Conjurations   | 6 |  6.9
Air Magic      | 1 |  1.2
Dodging        | |  2.7
Stealth        | |  2.5
Spellcasting   | |  2.6
Translocations | |  0.1
Poison Magic   | |  0.3

Action                   |  1- 3 |  4- 6 || total
-------------------------+-------+-------++-------
Melee: Dagger            |     8 |    20 ||    28
       Kick              |     1 |     1 ||     2
       Peck              |       |     3 ||     3
 Cast: Magic Dart        |    48 |    72 ||   120
       Searing Ray       |       |     3 ||     3
  Use: Scroll            |       |     4 ||     4
       Potion            |       |     2 ||     2
 Stab: Sleeping          |       |     1 ||     1
Armor: Robe              |     2 |     5 ||     7
Dodge: Dodged            |     8 |    32 ||    40

Table legend: (Time is in decaauts)
 A = Elapsed time spent in this place.
 B = Non-inter-level travel time spent in this place.
 C = Inter-level travel time spent in this place.
 D = Time resting spent in this place.
 E = Time spent auto-exploring this place.
 F = Levels seen in this place.
 G = Mean time per level.
                   A        B        C        D        E       F      G
               +--------+--------+--------+--------+--------+-----+--------+
         Total |   3780 |   3601 |    179 |    651 |   2558 |   5 |  756.0 |
       Dungeon |   3119 |   2940 |    179 |    172 |   2450 |   4 |  779.8 |
         Sewer |    660 |    660 |      0 |    479 |    108 |   1 |  660.0 |
               +--------+--------+--------+--------+--------+-----+--------+

Top non-repeatable levels by time:
     D:2: 1419 daAuts
     D:1: 960 daAuts
     D:3: 689 daAuts
   Sewer: 660 daAuts
     D:4: 50 daAuts
